TOP OF THE 1ST |
Milwaukee Brewers batting - Pitching for Los Angeles Dodgers : RHP Jeremy Stock
|
Pitching: RHP Jeremy Stock
|
|
Batting: SHB Pat Wilson
|
0-0: Foul Ball, location: 2F 0-1: SINGLE (Line Drive, 4D, EV 95.0 MPH)
|
Batting: RHB Ryan Neal
|
0-0: Called Strike 0-1: Swinging Strike 0-2: Foul Ball, location: 2F 0-2: Ball 1-2: Strikes out swinging
|
Batting: SHB Lewis Thorpe Jr.
|
0-0: Ball 1-0: Called Strike 1-1: Foul Ball, location: 2F 1-2: Ball 2-2: Foul Ball, location: 2F 2-2: Ball 3-2: Foul Ball, location: 2F 3-2: Base on Balls Pat Wilson to second
|
Batting: LHB Ernesto Cedillos
|
0-0: Called Strike 0-1: Ball 1-1: DOUBLE (Line Drive, 7LD, EV 105.6 MPH) Pat Wilson scores Lewis Thorpe Jr. to third
|
Batting: RHB Dave Gonzalez
|
0-0: Called Strike 0-1: Called Strike 0-2: Strikes out swinging
|
Batting: RHB Noah Stanley
|
0-0: Called Strike 0-1: Ball 1-1: Ball 2-1: Swinging Strike 2-2: Ball 3-2: Base on Balls
|
Batting: RHB Daniel Donovan
|
0-0: Ball 1-0: Fly out, F9 (Flyball, 9D, EV 91.9 MPH)
|
Top of the 1st over - 1 run, 2 hits, 0 errors, 3 left on base; Milwaukee 1 - Los Angeles 0 |
BOTTOM OF THE 1ST |
Los Angeles Dodgers batting - Pitching for Milwaukee Brewers : RHP Mekonen Mahfudh
|
Pitching: RHP Mekonen Mahfudh
|
|
Batting: SHB Joel Baker
|
0-0: Ball 1-0: Swinging Strike 1-1: Ground out 6-3 (Groundball, 6M, EV 83.1 MPH)
|
Batting: RHB Tsutomu Irie
|
0-0: Fly out, F9 (Flyball, 9LS, EV 86.9 MPH)
|
Batting: SHB Shane Marcum
|
0-0: Called Strike 0-1: Swinging Strike 0-2: Fly out, F7 (Flyball, 7, EV 89.4 MPH)
|
Bottom of the 1st over - 0 runs, 0 hits, 0 errors, 0 left on base; Milwaukee 1 - Los Angeles 0 |
TOP OF THE 2ND |
Milwaukee Brewers batting - Pitching for Los Angeles Dodgers : RHP Jeremy Stock
|
Batting: RHB Kisho Ito
|
0-0: Called Strike 0-1: Ground out 4-3 (Groundball, 4M, EV 95.6 MPH)
|
Batting: RHB Ben Campbell
|
0-0: Swinging Strike 0-1: Swinging Strike 0-2: Foul Ball, location: 2F 0-2: Ball 1-2: Ball 2-2: Strikes out looking
|
Batting: SHB Pat Wilson
|
0-0: Ground out U3 (Groundball, 3, EV 106.9 MPH)
|
Top of the 2nd over - 0 runs, 0 hits, 0 errors, 0 left on base; Milwaukee 1 - Los Angeles 0 |
BOTTOM OF THE 2ND |
Los Angeles Dodgers batting - Pitching for Milwaukee Brewers : RHP Mekonen Mahfudh
|
Batting: LHB Juan Concepcion
|
0-0: Ball 1-0: Swinging Strike 1-1: Swinging Strike 1-2: Foul Ball, location: 2F 1-2: Ball 2-2: Fly out, F9 (Flyball, 9, EV 88.8 MPH)
|
Batting: LHB Stephen Van Raalte
|
0-0: SINGLE (Line Drive, 89S, EV 86.2 MPH)
|
Batting: RHB Danny Dyer
|
0-0: Grounds into double play, 6-4-3 (Groundball, 6, EV 85.0 MPH)
|
Bottom of the 2nd over - 0 runs, 1 hit, 0 errors, 0 left on base; Milwaukee 1 - Los Angeles 0 |
TOP OF THE 3RD |
Milwaukee Brewers batting - Pitching for Los Angeles Dodgers : RHP Jeremy Stock
|
Batting: RHB Ryan Neal
|
0-0: Ball 1-0: Foul Ball, location: 2F 1-1: Swinging Strike 1-2: Ball 2-2: Ball 3-2: Fly out, F8 (Flyball, 78S, EV 88.1 MPH)
|
Batting: SHB Lewis Thorpe Jr.
|
0-0: Ball 1-0: Foul Ball, location: 2F 1-1: SINGLE (Line Drive, 8RM, EV 93.8 MPH)
|
Batting: LHB Ernesto Cedillos
|
0-0: Ball 1-0: Fly out, F8 (Flyball, 8LM, EV 95.0 MPH)
|
Batting: RHB Dave Gonzalez
|
0-0: Ball 1-0: Ball Lewis Thorpe Jr. is caught stealing 2nd base 2-4
|
Top of the 3rd over - 0 runs, 1 hit, 0 errors, 0 left on base; Milwaukee 1 - Los Angeles 0 |
BOTTOM OF THE 3RD |
Los Angeles Dodgers batting - Pitching for Milwaukee Brewers : RHP Mekonen Mahfudh
|
Batting: RHB Tim Nettles
|
0-0: Ball 1-0: Foul Ball, location: 2F 1-1: SOLO HOME RUN (Flyball, 9D, EV 95.0 MPH), Distance : 372 ft
|
Batting: RHB Ben Mischnick
|
0-0: Fly out, F9 (Flyball, 9, EV 90.0 MPH)
|
Batting: RHB Leonardo Nava
|
0-0: Ball 1-0: Ball 2-0: Called Strike 2-1: Fly out, F8 (Line Drive, 8RD, EV 98.1 MPH)
|
Batting: SHB Joel Baker
|
0-0: Ball 1-0: Fly out, F3 (Popup, 3, EV 53.8 MPH)
|
Bottom of the 3rd over - 1 run, 1 hit, 0 errors, 0 left on base; Milwaukee 1 - Los Angeles 1 |
TOP OF THE 4TH |
Milwaukee Brewers batting - Pitching for Los Angeles Dodgers : RHP Jeremy Stock
|
Batting: RHB Dave Gonzalez
|
0-0: Ball 1-0: Called Strike 1-1: Ball 2-1: Ball 3-1: Called Strike 3-2: Strikes out swinging
|
Batting: RHB Noah Stanley
|
0-0: Ball 1-0: Ball 2-0: Foul Ball, location: 2F 2-1: Foul Ball, location: 2F 2-2: Fly out, F9 (Flyball, 9, EV 96.9 MPH)
|
Batting: RHB Daniel Donovan
|
0-0: Foul Ball, location: 2F 0-1: Foul Ball, location: 2F 0-2: Ball 1-2: Foul Ball, location: 2F 1-2: Ball 2-2: Ball 3-2: Fly out, F9 (Flyball, 9, EV 88.1 MPH)
|
Top of the 4th over - 0 runs, 0 hits, 0 errors, 0 left on base; Milwaukee 1 - Los Angeles 1 |
BOTTOM OF THE 4TH |
Los Angeles Dodgers batting - Pitching for Milwaukee Brewers : RHP Mekonen Mahfudh
|
Batting: RHB Tsutomu Irie
|
0-0: SINGLE (Groundball, 6MS, EV 70.0 MPH) (infield hit)
|
Batting: SHB Shane Marcum
|
0-0: Ball Tsutomu Irie steals 2nd base 1-0: Fly out, F4 (Popup, 34D, EV 58.1 MPH)
|
Batting: LHB Juan Concepcion
|
0-0: Ball 1-0: Ball 2-0: Ball 3-0: Called Strike 3-1: Fly out, F8 (Flyball, 8LS, EV 88.8 MPH)
|
Batting: LHB Stephen Van Raalte
|
0-0: Foul Ball, location: 2F 0-1: Called Strike 0-2: Ground out 4-3 (Groundball, 4, EV 102.5 MPH)
|
Bottom of the 4th over - 0 runs, 1 hit, 0 errors, 1 left on base; Milwaukee 1 - Los Angeles 1 |
TOP OF THE 5TH |
Milwaukee Brewers batting - Pitching for Los Angeles Dodgers : RHP Jeremy Stock
|
Batting: RHB Kisho Ito
|
0-0: Called Strike 0-1: Ball 1-1: Ground out 5-3 (Groundball, 56, EV 110.0 MPH)
|
Batting: RHB Ben Campbell
|
0-0: Ball 1-0: Ground out 3-1 (Groundball, 34, EV 101.9 MPH)
|
Batting: SHB Pat Wilson
|
0-0: Ball 1-0: Ball 2-0: Ball 3-0: Called Strike 3-1: Foul Ball, location: 2F 3-2: Foul Ball, location: 2F 3-2: Strikes out swinging
|
Top of the 5th over - 0 runs, 0 hits, 0 errors, 0 left on base; Milwaukee 1 - Los Angeles 1 |
BOTTOM OF THE 5TH |
Los Angeles Dodgers batting - Pitching for Milwaukee Brewers : RHP Mekonen Mahfudh
|
Batting: RHB Danny Dyer
|
0-0: Called Strike 0-1: Fly out, F3 (Line Drive, 34, EV 70.6 MPH)
|
Batting: RHB Tim Nettles
|
0-0: Fly out, F9 (Flyball, 9D, EV 96.9 MPH)
|
Batting: RHB Ben Mischnick
|
0-0: Ball 1-0: Foul Ball, location: 2F 1-1: Swinging Strike 1-2: Ball 2-2: Foul Ball, location: 2F 2-2: Strikes out swinging
|
Bottom of the 5th over - 0 runs, 0 hits, 0 errors, 0 left on base; Milwaukee 1 - Los Angeles 1 |
TOP OF THE 6TH |
Milwaukee Brewers batting - Pitching for Los Angeles Dodgers : RHP Jeremy Stock
|
Batting: RHB Ryan Neal
|
0-0: Called Strike 0-1: Ball 1-1: Ball 2-1: Ball 3-1: Base on Balls
|
Batting: SHB Lewis Thorpe Jr.
|
0-0: Swinging Strike 0-1: Swinging Strike 0-2: Ball 1-2: Ball 2-2: Foul Ball, location: 2F 2-2: Ball 3-2: Fly out, F9 (Flyball, 9, EV 75.6 MPH)
|
Pitching: RHP Craig Fallon
|
|
Batting: LHB Ernesto Cedillos
|
0-0: Called Strike 0-1: Called Strike Ryan Neal steals 2nd base 0-2: Fly out, F4 (Popup, 13S, EV 80.6 MPH)
|
Batting: RHB Dave Gonzalez
|
0-0: Ball 1-0: Ball 2-0: Ball 3-0: Base on Balls
|
Batting: RHB Noah Stanley
|
0-0: Called Strike 0-1: Ball 1-1: Foul Ball, location: 2F 1-2: Foul Ball, location: 2F 1-2: Strikes out looking
|
Top of the 6th over - 0 runs, 0 hits, 0 errors, 2 left on base; Milwaukee 1 - Los Angeles 1 |
BOTTOM OF THE 6TH |
Los Angeles Dodgers batting - Pitching for Milwaukee Brewers : RHP Mekonen Mahfudh
|
Batting: RHB Leonardo Nava
|
0-0: Ball 1-0: Swinging Strike 1-1: Fly out, F7 (Flyball, 78S, EV 90.0 MPH)
|
Batting: SHB Joel Baker
|
0-0: Swinging Strike 0-1: Ball 1-1: Swinging Strike 1-2: Foul Ball, location: 2F 1-2: Hit by Pitch
|
Batting: RHB Tsutomu Irie
|
0-0: Ball 1-0: Ball 2-0: Swinging Strike 2-1: Called Strike 2-2: Strikes out looking
|
Batting: SHB Shane Marcum
|
0-0: Called Strike 0-1: Ball 1-1: Hit by Pitch Joel Baker to second
|
Batting: LHB Juan Concepcion
|
0-0: Called Strike 0-1: Swinging Strike 0-2: Ball 1-2: Ball 2-2: Strikes out swinging, 2-3 out at first.
|
Bottom of the 6th over - 0 runs, 0 hits, 0 errors, 2 left on base; Milwaukee 1 - Los Angeles 1 |
TOP OF THE 7TH |
Milwaukee Brewers batting - Pitching for Los Angeles Dodgers : RHP Craig Fallon
|
Batting: RHB Daniel Donovan
|
0-0: Ball 1-0: Swinging Strike 1-1: Ball 2-1: Called Strike 2-2: Ball 3-2: Strikes out swinging, 2-3 out at first.
|
Batting: RHB Kisho Ito
|
0-0: SINGLE (Line Drive, 6D, EV 98.8 MPH)
|
Batting: RHB Ben Campbell
|
0-0: Swinging Strike 0-1: Ball 1-1: Called Strike 1-2: Foul Ball, location: 2F 1-2: Strikes out swinging
|
Batting: SHB Pat Wilson
|
0-0: Foul Ball, location: 2F 0-1: Called Strike 0-2: Ball 1-2: Foul Ball, location: 2F 1-2: Ground out 4-3 (Groundball, 4D, EV 88.1 MPH)
|
Top of the 7th over - 0 runs, 1 hit, 0 errors, 1 left on base; Milwaukee 1 - Los Angeles 1 |
BOTTOM OF THE 7TH |
Los Angeles Dodgers batting - Pitching for Milwaukee Brewers : RHP Mekonen Mahfudh
|
Batting: LHB Stephen Van Raalte
|
0-0: Swinging Strike 0-1: Ball 1-1: Fly out, F7 (Flyball, 7LD, EV 90.0 MPH)
|
Batting: RHB Danny Dyer
|
0-0: SINGLE (Line Drive, 5D, EV 97.5 MPH)
|
Batting: RHB Tim Nettles
|
0-0: Foul Ball, location: 2F 0-1: Ball 1-1: Grounds into double play, 6-4-3 (Groundball, 6, EV 95.0 MPH)
|
Bottom of the 7th over - 0 runs, 1 hit, 0 errors, 0 left on base; Milwaukee 1 - Los Angeles 1 |
TOP OF THE 8TH |
Milwaukee Brewers batting - Pitching for Los Angeles Dodgers : RHP Craig Fallon
|
Pitching: RHP Jon Harris
|
|
Batting: RHB Ryan Neal
|
0-0: Ball 1-0: Called Strike 1-1: Ball 2-1: Foul Ball, location: 2F 2-2: Ball 3-2: Strikes out swinging
|
Batting: SHB Lewis Thorpe Jr.
|
0-0: Ball 1-0: Foul Ball, location: 2F 1-1: Foul Ball, location: 2F 1-2: Ball 2-2: Ground out 6-3 (Groundball, 6MD, EV 90.6 MPH)
|
Batting: LHB Ernesto Cedillos
|
0-0: Foul Ball, location: 2F 0-1: Ball 1-1: Foul Ball, location: 2F 1-2: Foul Ball, location: 2F 1-2: Strikes out swinging
|
Top of the 8th over - 0 runs, 0 hits, 0 errors, 0 left on base; Milwaukee 1 - Los Angeles 1 |
BOTTOM OF THE 8TH |
Los Angeles Dodgers batting - Pitching for Milwaukee Brewers : RHP Mekonen Mahfudh
|
Batting: RHB Ben Mischnick
|
0-0: Called Strike 0-1: Ball 1-1: SINGLE (Line Drive, 6D, EV 101.2 MPH)
|
Pinch Runner at 1st Clay Buchanan:
|
|
Batting: RHB Leonardo Nava
|
0-0: Ball Clay Buchanan steals 2nd base 1-0: Ball 2-0: Called Strike 2-1: Sac Bunt to 15S - play at first, batter OUT! 1-3 Clay Buchanan to third
|
Batting: SHB Joel Baker
|
0-0: Intentional Walk
|
Batting: RHB Tsutomu Irie
|
0-0: Called Strike 0-1: Called Strike 0-2: Ball 1-2: SINGLE (Groundball, 56D, EV 94.4 MPH) Clay Buchanan scores Joel Baker to second
|
Pitching: RHP John Owens
|
|
Batting: SHB Shane Marcum
|
0-0: Ball 1-0: Fly out, F7 (Line Drive, 7, EV 96.9 MPH) Runner from 2nd tags up, SAFE at 3rd with throw by LF
|
Batting: LHB Juan Concepcion
|
0-0: Foul Ball, location: 2F 0-1: Foul Ball, location: 2F 0-2: Ball 1-2: Foul Ball, location: 2F 1-2: Strikes out swinging
|
Bottom of the 8th over - 1 run, 2 hits, 0 errors, 2 left on base; Milwaukee 1 - Los Angeles 2 |
TOP OF THE 9TH |
Milwaukee Brewers batting - Pitching for Los Angeles Dodgers : RHP Jon Harris
|
Pitching: RHP Bo Chia
|
|
Now at 1B: John Piccolo
|
|
Now at 3B: Leonardo Nava
|
|
Now at SS: Clay Buchanan
|
|
Pinch Hitting: LHB Eric Klasek
|
0-0: Foul Ball, location: 2F 0-1: Ball 1-1: Ground out 6-3 (Groundball, P, EV 87.5 MPH)
|
Batting: RHB Noah Stanley
|
0-0: Ball 1-0: Called Strike 1-1: Ball 2-1: Ball 3-1: Base on Balls
|
Batting: RHB Daniel Donovan
|
0-0: Foul Ball, location: 2F 0-1: Foul Ball, location: 2F 0-2: Strikes out looking
|
Batting: RHB Kisho Ito
|
0-0: Called Strike 0-1: Foul Ball, location: 2F 0-2: Ball 1-2: Strikes out swinging
|
Top of the 9th over - 0 runs, 0 hits, 0 errors, 1 left on base; Milwaukee 1 - Los Angeles 2 |
|